 Dungeon Crawl Stone Soup version 0.27-a0-412-g8dd771eca2 (console) character file.

Game seed: 13847232913050444368

7 Garrluk the Firebug (level 1, 0/10 HPs)
             Began as a Deep Elf Fire Elementalist on Feb 24, 2021.
             Killed from afar by Terence (10 damage)
             ... with a puff of flame
             ... on level 2 of the Dungeon.
             The game lasted 00:01:19 (267 turns).

Garrluk the Firebug (Deep Elf Fire Elementalist)     Turns: 267, Time: 00:01:20

Health: 0/10       AC:  2    Str:  5    XL:     1   Next: 91%
Magic:  2/6        EV: 17    Int: 19    God:
Gold:   42         SH:  0    Dex: 15    Spells: 5/6 levels left

rFire    . . .     SeeInvis .   (no weapon)
rCold    . . .     Faith    .   (no shield)
rNeg     . . .     Spirit   .   a - +0 robe
rPois    .         Reflect  .   (no helmet)
rElec    .         Harm     .   (no cloak)
rCorr    .         Rampage  .   (no gloves)
Will     .....                  (no boots)
Stlth    ++........             (no amulet)
HPRegen  0.03/turn              b - +4 ring of evasion
MPRegen  0.10/turn              (no ring)

@: no status effects
A: no striking features
a: no special abilities


You were on level 2 of the Dungeon.
You visited 1 branch of the dungeon, and saw 2 of its levels.

You collected 42 gold pieces.

Notes
Turn   | Place    | Note
-------+----------+-------------------------------------------
     0 | D:1      | Garrluk the Deep Elf Fire Elementalist began the quest for
                  | the Orb.
     0 | D:1      | Reached XP level 1. HP: 10/10 MP: 6/6
   255 | D:2      | Noticed Terence
   267 | D:2      | Killed from afar by Terence

Inventory:

Armour
 a - a +0 robe (worn)
Jewellery
 b - a +4 ring of evasion (left hand)
   (You found it on level 1 of the Dungeon)
Scrolls
 c - a scroll of identify {unknown}

Table legend: (Time is in decaauts)
 A = Elapsed time spent in this place.
 B = Non-inter-level travel time spent in this place.
 C = Inter-level travel time spent in this place.
 D = Time resting spent in this place.
 E = Time spent auto-exploring this place.
 F = Levels seen in this place.
 G = Mean time per level.
                   A        B        C        D        E       F      G
               +--------+--------+--------+--------+--------+-----+--------+
         Total |    266 |    217 |     49 |      0 |      0 |   2 |  133.0 |
       Dungeon |    266 |    217 |     49 |      0 |      0 |   2 |  133.0 |
               +--------+--------+--------+--------+--------+-----+--------+

Top non-repeatable levels by time:
     D:1: 217 daAuts
     D:2: 48 daAuts


   Skills:
 - Level 2.4 Dodging
 - Level 2.4 Stealth
 + Level 3.2 Spellcasting
 * Level 1.7 Conjurations
 + Level 3.4 Fire Magic


You had 5 spell levels left.
You knew the following spells:

 Your Spells              Type           Power        Failure   Level
a - Foxfire               Conj/Fire      48%          5%          1

Your spell library contained the following spells:

 Spells                   Type           Power        Failure   Level
 Conjure Flame            Conj/Fire      12%          16%         3
 Inner Flame              Hex/Fire       9%           22%         3
 Sticky Flame             Conj/Fire      12%          45%         4
 Fireball                 Conj/Fire      6%           82%         5


Dungeon Overview and Level Annotations

Branches:
Dungeon (2/15)

Altars:

Annotations:
D:2 Terence


Message History

Your foxfire dissipates!
The foxfire hits the dart slug but does no damage.
Casting: Foxfire (safe; 5% risk of failure)
Confirm with . or Enter, or press ? or * to list all spells.
You conjure some foxfire!
The foxfire hits the dart slug.
The dart slug is moderately wounded.
The foxfire hits the dart slug.
The dart slug is severely wounded.
Casting: Foxfire (safe; 5% risk of failure)
Confirm with . or Enter, or press ? or * to list all spells.
You conjure some foxfire!
The foxfire hits the dart slug.
The dart slug is almost dead.
The foxfire hits the dart slug.
You kill the dart slug!
There is a stone staircase leading down here.
Terence the Incautious comes into view.
He is wielding a +0 falchion and carrying a wand of flame (13).
Terence shouts!
A frilled lizard comes into view.
Casting: Foxfire (safe; 5% risk of failure)
Confirm with . or Enter, or press ? or * to list all spells.
You conjure some foxfire!
Your foxfire dissipates!
Casting: Foxfire (safe; 5% risk of failure)
Confirm with . or Enter, or press ? or * to list all spells.
You conjure some foxfire!
Casting: Foxfire (safe; 5% risk of failure)
Confirm with . or Enter, or press ? or * to list all spells.
You conjure some foxfire!
The foxfire hits Terence.
Terence is lightly wounded.
The foxfire hits Terence.
Terence is lightly wounded.
Your foxfire dissipates!
The foxfire hits Terence but does no damage.
Terence is lightly wounded.
Terence says, "You're history."
Terence zaps a wand.
The puff of flame hits you!
Ouch! That really hurt!
You die...

## .. #. ##. ###
.@
#.######.########
#........@......#
#†# ###.# #.#
#<#.#
#.#####.#####.#.#
..........@.@..>#
#######.#####.#.#
#.# #.#.# #.#
#.#.# ..# #.#..
..# #.#.# ...#
#.#.# .... #.#.#
#.# #.# #.#


You could see Terence.

Table legend:
 A = Kills in this place as a percentage of kills in entire the game.
 B = Kills by you in this place as a percentage of kills by you in the entire game.
 C = Kills by friends in this place as a percentage of kills by friends in the entire game.
 D = Other kills in this place as a percentage of other kills in the entire game.
 E = Experience gained in this place as a percentage of experience gained in the entire game.
 F = Experience gained in this place divided by the number of levels of this place that you have seen.
                   A       B       C       D       E      F
               +-------+-------+-------+-------+-------+----------------------
         Total | 100.0 | 100.0 |   N/A |   N/A | 100.0 |   5.5
       Dungeon | 100.0 | 100.0 |   N/A |   N/A | 100.0 |   5.5
               +-------+-------+-------+-------+-------+----------------------

Vanquished Creatures
  Monster Symbol All 'l'
  2 frilled lizards (D:1)
2 creatures vanquished. All 'r' A rat (D:1)
1 creature vanquished. All 'v' 16 foxfires
16 creatures vanquished. All 'w' 2 dart slugs
2 creatures vanquished.
21 creatures vanquished. Monster Nature Natural Monsters 2 dart slugs 2 frilled lizards (D:1) A rat (D:1)
5 creatures vanquished. Non-Living Monsters 16 foxfires
16 creatures vanquished.
21 creatures vanquished. Ascending Order A rat (D:1) 2 dart slugs 2 frilled lizards (D:1) 16 foxfires
21 creatures vanquished.

Action                   || total
-------------------------++-------
Melee: Unarmed           ||     1
 Cast: Foxfire           ||    10
Dodge: Dodged            ||     1
